 Dungeon Crawl Stone Soup version 0.20-a0-738-gb057e68 (webtiles) character file.

84 Gorglomux the Chopper (level 4, 0/39 HPs)
             Began as a Hill Orc Abyssal Knight on Feb 23, 2017.
             Was a Believer of Lugonu.
             Slain by a goblin
             ... wielding a +0 dagger
              (3 damage)
             ... on level 3 of the Dungeon.
             The game lasted 00:04:16 (3048 turns).

Gorglomux the Chopper (Hill Orc Abyssal Knight)     Turns: 3048, Time: 00:04:17

Health: 0/39       AC:  3    Str: 15    XL:     4   Next: 46%
Magic:  7/7        EV: 11    Int: 12    God:    Lugonu [**....]
Gold:   132        SH:  0    Dex: 10    Spells: 3/3 levels left

rFire    + . .     SeeInvis .   a - +1 hand axe
rCold    + . .     Gourm    .   b - +0 leather armour
rNeg     . . .     Faith    .   (no shield)
rPois    +         Spirit   .   (no helmet)
rElec    +         Reflect  .   (no cloak)
rCorr    +         Harm     .   (no gloves)
MR       .....                  (no boots)
Stlth    +.........             (no amulet)
Regen    0.2/turn               (no ring)
MPRegen  0.1/turn               n - ring of wizardry

@: resistant
A: blurry vision 3
a: Depart the Abyss, Bend Space, Renounce Religion


You were on level 3 of the Dungeon.
You worshipped Lugonu.
Lugonu was pleased with you.
You were not hungry.

You visited 1 branch of the dungeon, and saw 3 of its levels.
You visited the Abyss 1 time.

You collected 132 gold pieces.

Inventory:

Hand Weapons
 a - a +1 hand axe (weapon)
 q - a -2 hunting sling
Missiles
 o - 35 sling bullets
 p - 37 stones (quivered)
Armour
 b - a +0 leather armour (worn)
Jewellery
 n - a ring of wizardry (left hand)
Scrolls
 d - 4 scrolls of remove curse
 i - a scroll of recharging {unknown}
 k - 2 scrolls of identify {unknown}
Potions
 j - a potion of lignification {unknown}
 l - a potion of haste {unknown}
 t - a potion of mutation {unknown}
Comestibles
 c - 2 bread rations
 f - 2 meat rations
 m - 2 royal jellies
 r - 2 fruits
 u - a chunk of flesh


   Skills:
 - Level 3.6 Fighting
 + Level 4.7 Axes
 - Level 2.1 Armour
 - Level 0.7 Dodging
 + Level 4.4 Invocations


You had 3 spell levels left.
You didn't know any spells.

Dungeon Overview and Level Annotations

Branches:
Dungeon (3/15)

Altars:
Yredelemnul


Innate Abilities, Weirdness & Mutations

[Scrolls take you much longer to read.]


Message History

You closely miss the bat. You barely miss the leopard gecko.
The bat closely misses you. The bat hits you but does no damage.
The leopard gecko bites you.
* * * LOW HITPOINT WARNING * * *
You hit the bat.
You kill the bat!
Lugonu accepts your kill.
You closely miss the leopard gecko. The leopard gecko misses you.
The leopard gecko closely misses you.
You miss the goblin. You miss the leopard gecko. The goblin closely misses you.
The leopard gecko closely misses you.
You closely miss the goblin. You hit the leopard gecko.
The goblin hits you with a dagger.
* * * LOW HITPOINT WARNING * * *
The leopard gecko bites you.
* * * LOW HITPOINT WARNING * * *
You barely miss the goblin. You barely miss the leopard gecko.
The leopard gecko bites you but does no damage.
The goblin hits you with a dagger.
You die...

. ###..#.#### ..
.........# ...
..%..##.# ....
#w...##.# .....
#....##.#
......#####....##.#
.....gol@gw....##.#
#####.#####.#..##.#
.. #.....##.# ##
#.###..##.#######
#............
#.###.####### ..##
#.# #.# #.# #. #.#


You could see a dart slug, an orc, a leopard gecko and 2 goblins.

Vanquished Creatures
  2 adders (D:3)
  An ooze (D:1)
  4 worms (D:2)
  4 dart slugs (D:1)
  3 giant cockroaches
  3 goblins
  4 hobgoblins
  A quokka (D:3)
  9 bats
  2 frilled lizards
  5 kobolds
  7 rats
45 creatures vanquished.

Notes
Turn   | Place    | Note
-------+----------+-------------------------------------------
     0 | Abyss:1  | Gorglomux the Hill Orc Abyssal Knight began the quest for the Orb.
     0 | Abyss:1  | Reached XP level 1. HP: 19/19 MP: 2/2
    61 | Abyss:1  | Noticed a wretched star
    82 | D:1      | Escaped the Abyss
   346 | D:1      | Reached skill level 3 in Axes
   366 | D:1      | Reached skill level 3 in Invocations
   366 | D:1      | Reached XP level 2. HP: 22/26 MP: 2/4
   451 | D:1      | Reached * piety under Lugonu
  1011 | D:1      | Reached XP level 3. HP: 13/31 MP: 5/5
  1975 | D:2      | Found a basalt altar of Yredelemnul.
  2330 | D:2      | Reached XP level 4. HP: 29/39 MP: 7/7
  2601 | D:3      | Reached ** piety under Lugonu
  3048 | D:3      | Slain by a goblin

Vault maps used:
D:1:      dpeg_arrival_pits
D:2:      old_standard_altar, first_bread, minmay_misc_feat_four_crosses
D:3:      patterned_corridor

Skill      XL: |  1  2  3 |
---------------+----------+-----
Axes           | 3 4 |  4.7
Invocations    | 3 4 |  4.4
Fighting       | |  3.6
Armour         | |  2.1
Dodging        | |  0.7

Action                   |  1- 3 |  4- 6 || total
-------------------------+-------+-------++-------
Melee: Hand axe          |   109 |    43 ||   152
 Fire: Hunting sling     |    15 |       ||    15
Invok: Depart the Abyss  |     1 |       ||     1
       Bend Space        |       |     7 ||     7
  Use: Scroll            |     1 |       ||     1
       Potion            |       |     1 ||     1
  Eat: Chunk             |     4 |     3 ||     7
Armor: Leather armour    |    14 |    22 ||    36
Dodge: Dodged            |    80 |    38 ||   118
